 Dungeon Crawl Stone Soup version 0.17.0 (webtiles) character file.

557 Eucla the Chopper (level 7, -1/61 HPs)
             Began as a Hill Orc Gladiator on Nov 11, 2015.
             Was a Follower of Okawaru.
             Slain by a killer bee (6 damage)
             ... on level 7 of the Dungeon.
             The game lasted 00:05:55 (3484 turns).

Eucla the Chopper (Hill Orc Gladiator)              Turns: 3484, Time: 00:05:56

Health: -1/61      AC:  8    Str: 18    XL:     7   Next: 30%
Magic:  7/7        EV: 12    Int:  8    God:    Okawaru [*.....]
Gold:   192        SH:  0    Dex: 13    Spells: 0 memorised, 6 levels left

rFire  . . .     SeeInvis .     p - +0 hand axe (chop)
rCold  . . .     Clarity  .     s - +0 ring mail
rNeg   . . .     SustAt   .     (no shield)
rPois  .         Gourm    +     c - +0 helmet
rElec  .         Spirit   .     (no cloak)
rCorr  .         Warding  .     w - +0 pair of gloves
rMut   .         Stasis   .     (no boots)
MR     .....                    v - amulet of the gourmand
Stlth  ++........               (no ring)
                                r - ring of stealth

@: lethally poisoned (-1 -> -2), very slightly contaminated, hasted, very quick,
not resistant to hostile enchantments, unstealthy
A: high mp 1
a: Heroism, Renounce Religion


You were on level 7 of the Dungeon.
You worshipped Okawaru.
Okawaru was aware of your devotion.
You were not hungry.

You visited 1 branch of the dungeon, and saw 5 of its levels.

You collected 192 gold pieces.

Inventory:

Hand Weapons
 a - a +0 war axe
 p - a +0 hand axe of chopping (weapon)
Missiles
 d - 2 throwing nets (quivered)
Armour
 b - a +0 leather armour
 c - a +0 helmet (worn)
 s - a +0 ring mail (worn)
 w - a +0 pair of gloves (worn)
Jewellery
 r - a ring of stealth (left hand)
 v - an amulet of the gourmand (around neck)
Scrolls
 f - a scroll of enchant armour {unknown}
 g - 3 scrolls of identify {unknown}
 i - 2 scrolls of immolation {unknown}
 k - 3 scrolls of magic mapping {unknown}
 o - a scroll of blinking {unknown}
 q - a scroll of teleportation
 u - a scroll of fear {unknown}
 x - a scroll of random uselessness {unknown}
 y - a scroll of recharging {unknown}
Potions
 j - a potion of lignification
Books
 l - a book of the Dragon

   Spells                             Type                      Level
   a - Flame Tongue                   Conjuration/Fire             1
   b - Cause Fear                     Hexes                        4
   c - Bolt of Fire                   Conjuration/Fire             6
   d - Dragon Form                    Transmutation                7
   e - Dragon's Call                  Summoning                    9
Comestibles
 e - 3 bread rations
 n - a beef jerky


   Skills:
 + Level 5.2 Fighting
 + Level 6.3 Axes
 - Level 1.7 Throwing
 + Level 3.9 Armour
 + Level 3.8 Dodging


You had 6 spell levels left.
You didn't know any spells.

Dungeon Overview and Level Annotations

Branches:
Dungeon (7/15)             Temple (0/1) D:7

Altars:
Okawaru
Qazlal
Ru
Sif Muna
Trog
Zin


Innate Abilities, Weirdness & Mutations

You have an increased reservoir of magic (+10% MP).


Message History

You feel more energetic.
You feel fantastic!
You feel sick.
The killer bee stings you but does no damage.
The killer bee barely misses you.
Read which item? (? for menu, Esc to quit)
Okay, then.
Drink which item? (? for menu, Esc to quit)
You feel yourself speed up.
The killer bee stings you but does no damage.
The killer bee barely misses you.
A killer bee comes into view.
Unknown command.
You feel sick. The killer bee stings you.
* * * LOW HITPOINT WARNING * * *
An adder skeleton comes into view.
Unknown command.
Unknown command.
You feel sick. The killer bee stings you.
You die...

..............######### ######.#
....#.................# #......#
.......§......#######.####.......
...§....§........................
....≈≈§§...≈.....................
...≈##§##≈.........##.####.......
....#≈§§≈≈≈...........# ##.....⌠
....#≈§§≈#≈≈≈......########......
...§#≈_.≈#≈§....@y.y.))....y..⌠.>
...§#≈≈§≈§≈..####.#########......
..§§≈# .#≈.. ..... .........⌠
§§.§≈≈. ........##..##.....#
...≈.≈.. .?........... #.#...#
........ ....Z.....##. #......#
...+... #.......... #.......
...#... #....###.... ........


You could see 2 killer bees.

Vanquished Creatures
  3 orc priests
  A hound (D:3)
  5 orc wizards
  A centaur skeleton (D:4)
  A worker ant (D:4)
  A hound skeleton (D:4)
  9 adders
  4 gnolls (D:4)
  3 worms
  5 giant geckos
  18 orcs
  7 bats
  3 giant cockroaches
  3 goblins
  7 hobgoblins
  2 jackals (D:3)
  7 quokkas
  5 giant newts
  4 kobolds
  2 quokka skeletons
  8 rats
99 creatures vanquished.

Vanquished Creatures (others)
  An orc wizard (D:7)
1 creature vanquished.

Grand Total: 100 creatures vanquished

Notes
Turn   | Place    | Note
--------------------------------------------------------------
     0 | D:1      | Eucla the Hill Orc Gladiator began the quest for the Orb.
     0 | D:1      | Reached XP level 1. HP: 18/18 MP: 1/1
   115 | D:1      | Reached XP level 2. HP: 15/25 MP: 2/2
   656 | D:2      | Reached XP level 3. HP: 16/30 MP: 3/3
   816 | D:2      | Reached skill level 1 in Armour
  1091 | D:2      | Reached XP level 4. HP: 31/38 MP: 4/4
  1144 | D:2      | Found an iron altar of Okawaru.
  1154 | D:2      | Became a worshipper of Warmaster Okawaru
  1274 | D:2      | Found a glowing silver altar of Zin.
  1324 | D:2      | Found a deep blue altar of Sif Muna.
  1727 | D:2      | Reached skill level 5 in Axes
  1727 | D:2      | Reached XP level 5. HP: 21/46 MP: 5/5
  1979 | D:3      | Found a bloodstained altar of Trog.
  2064 | D:3      | Reached XP level 6. HP: 44/52 MP: 6/6
  2106 | D:3      | Found a sacrificial altar of Ru.
  2114 | D:3      | Reached * piety under Okawaru
  2565 | D:4      | Reached skill level 5 in Fighting
  2565 | D:4      | Reached XP level 7. HP: 30/61 MP: 7/7
  2588 | D:4      | Reached skill level 6 in Axes
  3308 | D:4      | You fall through a shaft for 3 floors!
  3347 | D:7      | Found a stormy altar of Qazlal.
  3363 | D:7      | Found a staircase to the Ecumenical Temple.
  3478 | D:7      | Gained mutation: You have an increased reservoir of magic (+10% MP). [potion of beneficial mutation]
  3484 | D:7      | Slain by a killer bee

Action                   |  1- 3 |  4- 6 |  7- 9 || total
-------------------------+-------+-------+-------++-------
Melee: War axe           |    98 |    41 |       ||   139
       Hand axe          |       |   152 |   114 ||   266
Throw: Throwing net      |       |       |     2 ||     2
  Use: Potion            |       |       |     7 ||     7
 Stab: Sleeping          |       |     1 |     2 ||     3
       Invisible         |       |       |     6 ||     6
       Held in net/web   |       |       |     2 ||     2
  Eat: Chunk             |     1 |    12 |    10 ||    23
